Map: Para Site LE

Players

Odin - Winner!

  • Race: Terran Terran
  • League: Gold
  • Spawn Location: 11:00

keyser

  • Race: Terran Terran
  • League: Gold
  • Spawn Location: 5:00

VOD

Have the link to the VOD?

Description

Time

  • Played on: Dec. 11, 2018, 7:34 a.m.
  • Length: 5:03
Show
View Real Time Build Order
Export as new Build Order

Odin Terran - Winner!

Build Orders:  

Get SALT Encoding   

  12  0:04  SCV  
  13  0:17  Supply Depot  
  13  0:18  SCV  
  14  0:30  SCV  
  15  0:36  Supply Depot  
  15  0:46  Barracks  
  15  0:56  SCV  
  16  1:02  Refinery  
  16  1:08  SCV  
  17  1:35  Command Center  
  17  1:44  Engineering Bay  
  17  1:55  Orbital Command  
  17  2:25  SCV  
  18  2:32  Hi-Sec Auto Tracking  
  18  2:40  Marine  
  19  3:00  Marine  
  20  3:12  Barracks x2  
  20  3:45  Bunker  
  20  3:51  Planetary Fortress  
  19  3:59  SCV  
  19  4:00  Barracks Reactor  
  20  4:09  Barracks Tech Lab  
  20  4:11  SCV  
  21  4:40  SCV  
Show
View Real Time Build Order
Export as new Build Order

keyser Terran 

Build Orders:  

Get SALT Encoding   

  12  0:02  SCV  
  13  0:16  Supply Depot  
  13  0:18  SCV  
  14  0:31  SCV  
  15  0:39  Barracks  
  15  0:45  Refinery  
  15  0:46  SCV  
  16  0:58  SCV  
  17  1:10  SCV  
  18  1:23  SCV  
  19  1:28  Supply Depot  
  19  1:32  Marine  
  20  1:35  Orbital Command  
  20  1:59  Command Center  
  20  2:04  Factory  
  20  2:09  Marine  
  22  2:22  SCV  
  22  2:27  Marine  
  22  2:28  Refinery  
  23  2:35  SCV  
  24  2:44  Marine  
  24  2:49  Supply Depot  
  25  2:52  SCV  
  25  2:53  Factory Tech Lab  
  26  3:00  Starport  
  26  3:04  Barracks Reactor  
  26  3:10  SCV  
  26  3:12  Orbital Command  
  27  3:22  SCV  
  28  3:34  SCV  
  29  3:46  Cyclone  
  32  4:03  Bunker  
  32  4:12  Marine x2  
  34  4:20  Bunker  
  34  4:29  Marine  
  34  4:30  Marine  
Tags
 
League
GoldGold
Matchup
TvT
Race
Terran
Spawn Locations
Cross Positions
Add a new tag
Caveats
  • Supply blocks, unpowered buildings, or Contaminate may cause inaccurate times.
  • Supply counts are checked every 10 seconds.